[Event "Titled Tuesday Blitz May 17 Late 2022"]
[White "Ostrovskiy, Aleksandr"]
[Black "Kruckenhauser, Arthur"]
[WhiteFideId "2034239"]
[BlackFideId "1642812"]
[WhiteElo "2340"]
[BlackElo "2243"]
[Result "1/2-1/2"]
[Round "06"]
[TimeControl "180+1"]
[Date "2022.05.17"]
[WhiteClock "0:00:06"]
[BlackClock "0:00:44"]

1. d4 Nf6 2. Bf4 d5 3. e3 c5 4. c3 Nc6 5. Nd2 Bf5 6. Ngf3 e6 7. Nh4 Bg4 8. Qb3 Qc8 9. h3 Bh5 10. g4 Bg6 11. Nxg6 hxg6 12. Bg2 c4 13. Qc2 b5 14. e4 Be7 15. Bg3 O-O 16. O-O dxe4 17. Nxe4 Nd5 18. h4 Qd8 19. h5 gxh5 20. gxh5 f5 21. Nd2 Bd6 22. Nf3 Bxg3 23. fxg3 Ne3 24. Qe2 Nxf1 25. Qxe6+ Kh8 26. Rxf1 Rf6 27. Qe2 Qd6 28. Ne5 Nxe5 29. dxe5 Re8 30. exd6 Rxe2 31. Rd1 Re8 32. Bc6 Rd8 33. Bxb5 Rfxd6 34. Rxd6 Rxd6 35. Bxc4 Rd2 36. b4 Rc2 37. Be6 Rxc3 38. Kf2 Ra3 39. Bb3 Kh7 40. Kf3 Kh6 41. Kf4 Kxh5 42. Kxf5 Ra6 43. a4 Rf6+ 44. Ke5 Kg4 45. b5 Kxg3 46. a5 Rf1 47. Bd5 Ra1 48. a6 Rb1 49. Bc6 g5 50. Kd6 Kf4 51. Kc7 g4 52. Kb7 g3 53. Kxa7 Rxb5 54. Bxb5 g2 55. Kb7 g1=Q 56. a7 Qg7+ 57. Kb6 Qd4+ 58. Kb7 Qg7+ 59. Kb6 Qxa7+ 60. Kxa7 1/2-1/2


[Site "https://www.chess.com"]

[Event "Titled Tuesday Blitz May 17 Late 2022"]
[White "Pap, Gyula"]
[Black "Andreikin, Dmitry"]
[WhiteFideId "725323"]
[BlackFideId "4158814"]
[WhiteElo "2553"]
[BlackElo "2736"]
[Result "0-1"]
[Round "06"]
[TimeControl "180+1"]
[Date "2022.05.17"]
[WhiteClock "0:00:01"]
[BlackClock "0:01:05"]

1. d4 Nf6 2. c4 e6 3. Nc3 Bb4 4. Qb3 c5 5. dxc5 Bxc5 6. Nf3 O-O 7. Bg5 Nc6 8. e3 Be7 9. Be2 b6 10. O-O Bb7 11. a3 Rc8 12. Qa2 h6 13. Bh4 Na5 14. Nd2 d5 15. Rfd1 Qc7 16. Bg3 Qc6 17. cxd5 Nxd5 18. Nxd5 Qxd5 19. Qxd5 exd5 20. b4 Nc6 21. Nb3 Bf6 22. Ra2 Rfd8 23. Bg4 Ra8 24. Bc7 Re8 25. Rc2 Re4 26. Bf3 Rc4 27. Rdc1 Rc8 28. Rxc4 dxc4 29. Rxc4 Rxc7 30. b5 Kf8 31. Bxc6 a6 32. a4 Bxc6 33. bxc6 Ke7 34. Nd4 Kd6 35. g3 Kd5 36. Rb4 Kc5 0-1


[Site "https://www.chess.com"]

[Event "Titled Tuesday Blitz May 17 Late 2022"]
[White "Popilski, Gil"]
[Black "Chigaev, Maksim"]
[WhiteFideId "2809060"]
[BlackFideId "4108116"]
[WhiteElo "2537"]
[BlackElo "2457"]
[Result "0-1"]
[Round "06"]
[TimeControl "180+1"]
[Date "2022.05.17"]
[WhiteClock "0:00:07"]
[BlackClock "0:00:50"]

1. e4 e5 2. Nf3 Nc6 3. Bb5 a6 4. Ba4 Nge7 5. Nc3 Ng6 6. d4 exd4 7. Nxd4 Bc5 8. Be3 Bxd4 9. Bxd4 O-O 10. Be3 Re8 11. O-O d6 12. f3 Nge5 13. Bb3 Be6 14. Bxe6 fxe6 15. b3 Qf6 16. Ne2 Rad8 17. c4 h6 18. Bf2 Ne7 19. Rc1 c5 20. f4 Ng4 21. Qd3 Nxf2 22. Rxf2 Nc6 23. Rcf1 Kh8 24. h3 b5 25. cxb5 Nb4 26. Qc4 d5 27. Qc3 axb5 28. e5 Qe7 29. a3 d4 30. Qf3 Nd5 31. f5 exf5 32. Qxf5 Ne3 33. Qe4 Nxf1 34. Nf4 Kg8 35. Ng6 Qe6 36. Rxf1 d3 37. Rd1 Rd4 0-1


[Site "https://www.chess.com"]

[Event "Titled Tuesday Blitz May 17 Late 2022"]
[White "Puranik, Abhimanyu"]
[Black "Kanyamarala, Tarun"]
[WhiteFideId "5061245"]
[BlackFideId "45004714"]
[WhiteElo "2520"]
[BlackElo "2219"]
[Result "1-0"]
[Round "06"]
[TimeControl "180+1"]
[Date "2022.05.17"]
[WhiteClock "0:00:24"]
[BlackClock "0:00:01"]

1. e4 c5 2. Nf3 Nc6 3. Bb5 g6 4. Bxc6 dxc6 5. O-O Bg7 6. h3 Nf6 7. d3 Nd7 8. Nc3 e5 9. Nd2 O-O 10. a4 a5 11. Nc4 b6 12. Be3 Ba6 13. b3 f5 14. exf5 gxf5 15. Bd2 e4 16. dxe4 Bxc4 17. bxc4 Ne5 18. Qe2 Qd4 19. Rfd1 Qxc4 20. Rab1 Qxe2 21. Nxe2 fxe4 22. Rxb6 Nc4 23. Rbb1 Bd4 24. Nxd4 cxd4 25. Bh6 Rf6 26. Rxd4 Na3 27. Rb3 Nxc2 28. Rg3+ Rg6 29. Rxe4 Nb4 30. Rxg6+ hxg6 31. Re7 Nd5 32. Rb7 c5 33. Bd2 c4 34. Rb5 Nb4 35. Bxb4 axb4 36. Rxb4 Rc8 37. a5 Kf7 38. a6 Ke6 39. a7 Kd5 40. Rb8 1-0


[Site "https://www.chess.com"]

[Event "Titled Tuesday Blitz May 17 Late 2022"]
[White "Rasulov, Vugar"]
[Black "Wagner, Dennis"]
[WhiteFideId "13402390"]
[BlackFideId "24650684"]
[WhiteElo "2560"]
[BlackElo "2355"]
[Result "1-0"]
[Round "06"]
[TimeControl "180+1"]
[Date "2022.05.17"]
[WhiteClock "0:00:39"]
[BlackClock "0:00:02"]

1. d4 Nf6 2. c4 e6 3. Nf3 d5 4. Nc3 c5 5. cxd5 cxd4 6. Qxd4 exd5 7. e4 dxe4 8. Qxd8+ Kxd8 9. Ng5 Be6 10. Nxe6+ fxe6 11. Bc4 Ke7 12. Bg5 h6 13. Bh4 g5 14. Bg3 Nc6 15. O-O Rd8 16. Rfe1 Rd4 17. b3 Bg7 18. Rac1 Rhd8 19. h4 a6 20. hxg5 hxg5 21. Bc7 Rh8 22. Bb6 Rd2 23. Be3 Rb2 24. Bxg5 b5 25. Bf1 Kd7 26. Red1+ Kc7 27. Nxb5+ axb5 28. Bxb5 Ng4 29. Rxc6+ Kb8 30. Rb6+ Kc7 31. Rxe6 Nxf2 32. Bf4+ Kb7 33. Rd7+ Kc8 34. Rd2 Rxd2 35. Bxd2 Bd4 36. Kf1 Ng4 37. Rxe4 Rf8+ 38. Ke1 Bf2+ 39. Ke2 1-0


[Site "https://www.chess.com"]

[Event "Titled Tuesday Blitz May 17 Late 2022"]
[White "Rozovsky, Daniel"]
[Black "Maghsoodloo, Parham"]
[WhiteFideId "2020904"]
[BlackFideId "12539929"]
[WhiteElo "2626"]
[BlackElo "2630"]
[Result "1-0"]
[Round "06"]
[TimeControl "180+1"]
[Date "2022.05.17"]
[WhiteClock "0:00:15"]
[BlackClock "0:00:09"]

1. e4 e5 2. Nf3 Nc6 3. Bb5 a6 4. Ba4 Nf6 5. O-O b5 6. Bb3 Bc5 7. d3 h6 8. c3 d6 9. h3 O-O 10. Nbd2 a5 11. a4 b4 12. Nc4 Re8 13. Be3 Bxe3 14. Nxe3 Rb8 15. Nh4 Be6 16. Bxe6 fxe6 17. g3 Nd7 18. Nhg2 Nc5 19. f4 d5 20. fxe5 d4 21. cxd4 Qxd4 22. Qh5 Nxe5 23. Kh2 Rf8 24. Ng4 Nxg4+ 25. hxg4 Qxb2 26. Qxc5 b3 27. Rab1 Qa2 28. Qc4 Rfe8 29. Kh3 Rb4 30. Qc3 Qxa4 31. Nf4 Qb5 32. Nh5 Re7 33. Rf2 a4 34. Rbf1 e5 35. Rf8+ Kh7 36. Qd2 b2 37. Nf6+ Kg6 38. Qf2 Qd7 39. Nxd7 1-0


[Site "https://www.chess.com"]

[Event "Titled Tuesday Blitz May 17 Late 2022"]
[White "Rustemov, Alexander"]
[Black "Urbina Perez, Juan Antonio"]
[WhiteFideId "4119002"]
[BlackFideId "2217368"]
[WhiteElo "2794"]
[BlackElo "2192"]
[Result "1-0"]
[Round "06"]
[TimeControl "180+1"]
[Date "2022.05.17"]
[WhiteClock "0:01:25"]
[BlackClock "0:00:17"]

1. d4 d5 2. c4 c6 3. Nc3 Nf6 4. e3 a6 5. Qc2 g6 6. Nf3 Bf5 7. Qb3 Ra7 8. Bd2 Bg7 9. Be2 O-O 10. O-O Ne4 11. Rfd1 Nxd2 12. Rxd2 dxc4 13. Bxc4 b5 14. Bd3 Bxd3 15. Rxd3 Nd7 16. Ne4 Qb6 17. Rc1 Rc7 18. Rdc3 Rfc8 19. Qc2 c5 20. Nxc5 Nxc5 21. Rxc5 Rxc5 22. dxc5 Qa5 23. b3 b4 24. Nd4 Qc7 25. Qc4 a5 26. h3 e6 27. c6 e5 28. Nb5 Qb6 29. Nd6 Rc7 30. Nxf7 1-0


[Site "https://www.chess.com"]

[Event "Titled Tuesday Blitz May 17 Late 2022"]
[White "Rychagov, Andrey"]
[Black "Skytte, Rasmus"]
[WhiteFideId "4119932"]
[BlackFideId "1404210"]
[WhiteElo "2500"]
[BlackElo "2430"]
[Result "1-0"]
[Round "06"]
[TimeControl "180+1"]
[Date "2022.05.17"]
[WhiteClock "0:00:27"]
[BlackClock "0:00:19"]

1. d4 Nf6 2. c4 c5 3. d5 b5 4. cxb5 a6 5. bxa6 g6 6. Nc3 Bg7 7. e4 Qa5 8. Bd2 O-O 9. Be2 Bxa6 10. e5 Ne8 11. Nf3 d6 12. e6 f5 13. O-O Nf6 14. Ne4 Qb6 15. Nxf6+ Bxf6 16. Bc3 Bxe2 17. Qxe2 Na6 18. Nd2 Nc7 19. Nc4 Qb7 20. Rfd1 Bxc3 21. bxc3 Ra4 22. Ne3 f4 23. Qc2 fxe3 24. Qxa4 exf2+ 25. Kh1 Qxd5 26. Qc2 Nxe6 27. Rf1 Qf5 28. Qxf5 Rxf5 29. a4 Nc7 30. a5 Na6 31. Ra2 c4 32. Rfxf2 Rb5 33. h3 Kg7 34. Rf4 Rc5 35. Kh2 e5 36. Rf1 d5 37. Rb1 d4 38. Rb6 Nc7 39. a6 dxc3 40. a7 Rd5 41. Rb7 1-0


[Site "https://www.chess.com"]

[Event "Titled Tuesday Blitz May 17 Late 2022"]
[White "Santos Ruiz, Miguel"]
[Black "Sadhwani, Raunak"]
[WhiteFideId "22291482"]
[BlackFideId "35093487"]
[WhiteElo "2486"]
[BlackElo "2616"]
[Result "0-1"]
[Round "06"]
[TimeControl "180+1"]
[Date "2022.05.17"]
[WhiteClock "0:00:04"]
[BlackClock "0:00:10"]

1. c4 e5 2. Nf3 Nc6 3. Nc3 f5 4. d4 e4 5. Ng5 Nf6 6. h4 Bb4 7. e3 Bxc3+ 8. bxc3 O-O 9. h5 h6 10. Nh3 Ne7 11. Nf4 d6 12. Be2 Qe8 13. c5 d5 14. c4 c6 15. Rb1 Kh7 16. Bd2 Qf7 17. Qa4 dxc4 18. Bxc4 Nfd5 19. Ba5 b5 20. Bxd5 Nxd5 21. Qb3 Be6 22. Nxe6 Qxe6 23. g3 Rf7 24. Rh4 Qf6 25. Rh1 Qg5 26. Qd1 Re8 27. Qd2 Rd7 28. Kd1 Nf6 29. Kc2 Nxh5 30. a4 a6 31. axb5 axb5 32. Ra1 Nf6 33. Bb4 Nd5 34. Ra6 Rc8 35. Rha1 Qg4 36. Kb3 Qf3 37. Ra8 Rxa8 38. Rxa8 Qh1 39. Kb2 Qg1 40. Ba5 b4 41. Bb6 Nc3 42. Ra1 Qg2 43. Kb3 Nd5 44. Qe2 Rb7 45. Bd8 Nc3 46. Qc2 Qf3 47. Bb6 Nd5 48. Kc4 Nxb6+ 49. cxb6 Rxb6 50. Kc5 Rb8 51. Kd6 b3 52. Qc5 b2 53. Rb1 Qxf2 54. Kc7 Qxg3+ 55. Kd7 Qg6 56. Qe5 Rb7+ 57. Kc8 Qf7 58. Qd6 Ra7 59. Kb8 Qb7# 0-1


[Site "https://www.chess.com"]

[Event "Titled Tuesday Blitz May 17 Late 2022"]
[White "Sargsyan, Anna M."]
[Black "Ohanyan, Emin"]
[WhiteFideId "13308130"]
[BlackFideId "13312022"]
[WhiteElo "2271"]
[BlackElo "1927"]
[Result "0-1"]
[Round "06"]
[TimeControl "180+1"]
[Date "2022.05.17"]
[WhiteClock "0:00:03"]
[BlackClock "0:00:04"]

1. d4 Nf6 2. Nf3 d5 3. c4 e6 4. Nc3 Bb4 5. Bg5 h6 6. Bxf6 Qxf6 7. Qa4+ Nc6 8. e3 O-O 9. cxd5 exd5 10. Be2 Bxc3+ 11. bxc3 Ne7 12. O-O c6 13. c4 dxc4 14. Qxc4 Be6 15. Qb4 Rab8 16. Ne5 Nd5 17. Qb2 Nb6 18. Rac1 Rfd8 19. Qa3 a6 20. Qb2 Nd7 21. Nf3 Nf8 22. a4 Ng6 23. a5 Bd5 24. Qc2 Nh4 25. Nxh4 Qxh4 26. Rfd1 Re8 27. Bc4 Qg5 28. Bxd5 Qxd5 29. Qd2 Rbd8 30. Rb1 c5 31. Qb2 cxd4 32. Rxd4 Qxa5 33. Rxd8 Rxd8 34. Qxb7 Qb5 35. Qxb5 axb5 36. Kf1 Rb8 37. Ke2 Kf8 38. Kd3 Ke7 39. Kc3 Kd6 40. Rd1+ Kc6 41. Kb4 Ra8 42. Rc1+ Kb6 43. Kb3 Rd8 44. Rc2 Rd6 45. e4 Rc6 46. Rd2 Rc7 47. Rd6+ Ka5 48. Rd8 Kb6 49. f3 Ra7 50. Rd6+ Kc5 51. Rd5+ Kc6 52. Rd8 Rd7 53. Rc8+ Kd6 54. Kb4 Ke5 55. Rc5+ Kf4 56. Rf5+ Ke3 57. Kxb5 Kf2 58. g4 Kg2 59. h4 Kh3 60. h5 Kg3 61. Kc6 Ra7 62. Kd6 Kf2 63. e5 Ke3 64. e6 Ra6+ 65. Kd7 fxe6 66. Rf7 e5 67. Ke8 Rf6 68. Rxg7 Kxf3 69. g5 hxg5 70. Rxg5 e4 71. Ke7 Rh6 72. Rf5+ Kg4 73. Re5 Kf4 74. Re6 Rxh5 75. Kd6 e3 76. Rf6+ Ke4 0-1


[Site "https://www.chess.com"]

[Event "Titled Tuesday Blitz May 17 Late 2022"]
[White "Shimanov, Aleksandr"]
[Black "Fedoseev, Vladimir"]
[WhiteFideId "4198603"]
[BlackFideId "24130737"]
[WhiteElo "2605"]
[BlackElo "2726"]
[Result "1-0"]
[Round "06"]
[TimeControl "180+1"]
[Date "2022.05.17"]
[WhiteClock "0:00:05"]
[BlackClock "0:00:08"]

1. b3 b6 2. e4 Bb7 3. Nc3 g6 4. d4 Bg7 5. Bb2 e6 6. Nf3 d6 7. Qd2 Nf6 8. Bd3 Nbd7 9. O-O e5 10. d5 O-O 11. Ne2 h5 12. b4 Nh7 13. c4 f5 14. g3 Bc8 15. Nh4 Ng5 16. exf5 gxf5 17. f4 Ne4 18. Bxe4 fxe4 19. f5 Nf6 20. Nc3 a5 21. b5 Ng4 22. Nxe4 Bh6 23. Qe2 Bg5 24. h3 Bxh4 25. hxg4 Bg5 26. Bc1 Bxc1 27. Raxc1 Qe7 28. Kg2 Qg7 29. f6 Qxg4 30. Qxg4+ Bxg4 31. Ng5 Kh8 32. Rce1 Rg8 33. Ne6 Rg6 34. f7 Bxe6 35. dxe6 h4 36. f8=Q+ Rxf8 37. Rxf8+ Kg7 38. e7 Rxg3+ 39. Kh2 Rc3 40. Rg1+ Kh7 41. e8=Q Rc2+ 42. Kh3 1-0


[Site "https://www.chess.com"]

[Event "Titled Tuesday Blitz May 17 Late 2022"]
[White "Sismeiro, Miguel"]
[Black "Bryakin, Mikhail"]
[WhiteFideId "1950975"]
[BlackFideId "4165314"]
[WhiteElo "2031"]
[BlackElo "2417"]
[Result "0-1"]
[Round "06"]
[TimeControl "180+1"]
[Date "2022.05.17"]
[WhiteClock "0:00:11"]
[BlackClock "0:01:13"]

1. Nf3 c5 2. e3 Nc6 3. d4 cxd4 4. exd4 d5 5. c3 Nf6 6. Bf4 Bg4 7. Nbd2 e6 8. Bd3 Bd6 9. Bxd6 Qxd6 10. O-O O-O 11. Qb3 b6 12. Rfe1 Bf5 13. Bxf5 exf5 14. Ne5 Ne4 15. Nxc6 Qxc6 16. Nf1 g6 17. f3 Nf6 18. Re5 Rfd8 19. Rae1 Rd7 20. Ne3 Rad8 21. Nc2 Kg7 22. Nb4 Qd6 23. Nd3 h5 24. h4 Rc7 25. Qb4 a5 26. Qxd6 Rxd6 27. Nf4 Rdd7 28. Kf2 b5 29. Nd3 Rd6 30. a3 Rb6 31. Re7 Rbb7 32. Rxc7 Rxc7 33. Re5 Kf8 34. Nf4 Re7 35. Ke3 Rd7 36. Kd2 Rd6 37. Nd3 Re6 38. Nc5 Rb6 39. b4 a4 40. Nd3 Rd6 41. Ke3 Nd7 42. Kf4 Nxe5 43. Kxe5 Rc6 44. Nc5 Ke7 45. Kxd5 Rd6+ 46. Ke5 f6+ 47. Kf4 Rd8 48. Ke3 Rc8 49. Kd3 Kd6 50. c4 Kc6 51. d5+ Kd6 52. Kd4 bxc4 53. Kxc4 Re8 54. Nxa4 g5 55. Nc3 gxh4 56. Nb5+ Kd7 57. Nd4 Rg8 58. Nxf5 Rxg2 59. Nxh4 Rh2 60. Ng6 h4 61. Kd3 h3 62. Nf4 Rh1 63. Nxh3 Rxh3 64. Ke4 Rh2 65. Kf5 Ra2 66. Kxf6 Rxa3 67. f4 Rb3 68. f5 Rxb4 69. Kg7 Rg4+ 70. Kf7 Rg5 71. f6 Rxd5 72. Kg7 Ke6 73. f7 Rd7 74. Kg8 Rxf7 75. Kh8 Kf6 76. Kg8 Kg6 0-1


[Site "https://www.chess.com"]

[Event "Titled Tuesday Blitz May 17 Late 2022"]
[White "Suleymanli, Aydin"]
[Black "Solon, Nathan"]
[WhiteFideId "13413937"]
[BlackFideId "2017229"]
[WhiteElo "2481"]
[BlackElo "2581"]
[Result "1-0"]
[Round "06"]
[TimeControl "180+1"]
[Date "2022.05.17"]
[WhiteClock "0:00:05"]
[BlackClock "0:00:08"]

1. d4 d5 2. Bg5 f6 3. Bh4 Nh6 4. e3 Nf5 5. Bd3 h5 6. Bxf5 Bxf5 7. f3 c5 8. c3 Nc6 9. Ne2 Qb6 10. Qb3 c4 11. Qxb6 axb6 12. a3 b5 13. Nd2 e6 14. e4 Bh7 15. O-O g5 16. Bf2 Kd7 17. Be3 Bd6 18. f4 g4 19. e5 Be7 20. Rae1 Bd3 21. exf6 Bxf6 22. Rf2 h4 23. f5 Bxf5 24. Nf4 Raf8 25. Nxd5 exd5 26. Rxf5 Ne7 27. Rf2 Bg7 28. Bg5 Ng6 29. Rfe2 Bf6 30. Bxf6 Rxf6 31. Nf1 Kd6 32. g3 Rhf8 33. Ne3 hxg3 34. hxg3 Rf3 35. Kg2 R3f7 36. Nxg4 Rg7 37. Re6+ Kc7 38. Rf6 Nh4+ 39. Kh3 Rxf6 40. Nxf6 Nf5 41. Ne8+ Kc6 42. Nxg7 Nxg7 43. Kg4 1-0


[Site "https://www.chess.com"]

[Event "Titled Tuesday Blitz May 17 Late 2022"]
[White "Svane, Frederik"]
[Black "Domingo Nunez, Alejandro"]
[WhiteFideId "12923044"]
[BlackFideId "22245561"]
[WhiteElo "2459"]
[BlackElo "2215"]
[Result "1-0"]
[Round "06"]
[TimeControl "180+1"]
[Date "2022.05.17"]
[WhiteClock "0:01:15"]
[BlackClock "0:00:01"]

1. e4 g6 2. d4 Bg7 3. Nf3 c6 4. Bd3 d5 5. exd5 cxd5 6. O-O Nc6 7. Re1 Bg4 8. c3 e6 9. Nbd2 Nge7 10. h3 Bf5 11. Bf1 h5 12. Nb3 b6 13. Bg5 Qd6 14. a4 O-O 15. Qc1 Rac8 16. Bf4 Qd8 17. Qd2 Be4 18. Ng5 Bf5 19. Qd1 Bf6 20. g4 hxg4 21. hxg4 Be4 22. f3 e5 23. dxe5 Bxe5 24. Bxe5 Nxe5 25. fxe4 Re8 26. Bg2 Kg7 27. exd5 Ng8 28. Ne4 Qh4 29. Qd4 f6 30. Nd6 Nxg4 31. Nxe8+ Rxe8 32. Rxe8 Qh2+ 33. Kf1 Qg3 34. Nd2 Nh2+ 35. Kg1 Ng4 36. Rae1 Qh2+ 37. Kf1 Qh4 38. Nf3 1-0


[Site "https://www.chess.com"]

[Event "Titled Tuesday Blitz May 17 Late 2022"]
[White "Svane, Rasmus"]
[Black "Korchmar, Vasiliy"]
[WhiteFideId "4657101"]
[BlackFideId "24131750"]
[WhiteElo "2674"]
[BlackElo "2370"]
[Result "1-0"]
[Round "06"]
[TimeControl "180+1"]
[Date "2022.05.17"]
[WhiteClock "0:01:00"]
[BlackClock "0:00:03"]

1. Nf3 d5 2. g3 g6 3. Bg2 Bg7 4. d4 Nf6 5. O-O O-O 6. c4 c6 7. Qb3 a5 8. Rd1 a4 9. Qb4 dxc4 10. Qxc4 Be6 11. Qb4 b5 12. Qe1 Nbd7 13. e4 Bg4 14. Nbd2 a3 15. bxa3 Nb6 16. h3 Bxf3 17. Nxf3 Nc4 18. Ne5 Nxe5 19. dxe5 Nd7 20. f4 Qc7 21. Kh2 Nb6 22. Bf1 g5 23. Qc3 Na4 24. Qf3 Kh8 25. Be3 Rg8 26. Rac1 gxf4 27. gxf4 Nb2 28. Rd2 Rxa3 29. Rxb2 Bxe5 30. Rf2 f6 31. fxe5 Qxe5+ 32. Qf4 Rxe3 33. Qxe5 fxe5 34. Rxc6 Rxe4 35. Bxb5 Rf4 36. Re2 e4 37. Re6 1-0


[Site "https://www.chess.com"]

[Event "Titled Tuesday Blitz May 17 Late 2022"]
[White "Tanenbaum, Zachary"]
[Black "Bluebaum, Matthias"]
[WhiteFideId "2060850"]
[BlackFideId "24651516"]
[WhiteElo "2168"]
[BlackElo "2556"]
[Result "0-1"]
[Round "06"]
[TimeControl "180+1"]
[Date "2022.05.17"]
[WhiteClock "0:00:35"]
[BlackClock "0:00:41"]

1. e4 c6 2. d4 d5 3. exd5 cxd5 4. Bd3 Nc6 5. c3 Qc7 6. Bg5 e6 7. Nf3 Bd6 8. Nbd2 Nge7 9. Bh4 f6 10. c4 O-O 11. O-O Nb4 12. Be2 Nf5 13. Bg3 Nxg3 14. hxg3 b6 15. Qb3 Bb7 16. a3 Nc6 17. Rac1 Qe7 18. Rfe1 Rfe8 19. Qa2 Qf7 20. cxd5 exd5 21. Ne4 Rxe4 22. Bb5 Rxe1+ 23. Rxe1 a6 24. Bd3 g6 25. Bc2 Kg7 26. Bb3 Na5 27. Bc2 Re8 28. Qb1 Rxe1+ 29. Qxe1 Qe7 30. Qc3 Nc6 31. Bb3 Nd8 32. Qd3 Nf7 33. Bc2 Bc7 34. Nh4 Qe1+ 35. Kh2 Qe4 36. Qc3 Qxh4+ 37. Kg1 Bxg3 38. fxg3 Qg5 39. Qc7 Qc1+ 40. Kh2 a5 41. a4 Ba6 42. Qxb6 Qxc2 43. Qxa6 Qxa4 44. Qb6 Qb4 45. Qa7 Qxb2 46. Qxa5 Qxd4 47. g4 Qf4+ 48. g3 Qf2+ 49. Kh1 Ne5 50. Qc7+ Kh6 51. g5+ Kxg5 52. Qc1+ Kf5 53. g4+ Ke4 54. g5 Qh4+ 55. Kg2 Qxg5+ 0-1


[Site "https://www.chess.com"]

[Event "Titled Tuesday Blitz May 17 Late 2022"]
[White "Tristan, Leonardo"]
[Black "Souleidis, Georgios"]
[WhiteFideId "113816"]
[BlackFideId "4206827"]
[WhiteElo "2404"]
[BlackElo "2401"]
[Result "1-0"]
[Round "06"]
[TimeControl "180+1"]
[Date "2022.05.17"]
[WhiteClock "0:00:29"]
[BlackClock "0:00:35"]

1. d4 Nf6 2. Nf3 g6 3. Bf4 Bg7 4. e3 O-O 5. Be2 d6 6. O-O Nfd7 7. e4 e5 8. Bg5 f6 9. Be3 Nc6 10. Nc3 Kh8 11. Qd2 Nb6 12. a4 Bg4 13. dxe5 fxe5 14. Ng5 Bd7 15. a5 Nc8 16. Bc4 Nd4 17. Nf7+ Rxf7 18. Bxf7 Ne7 19. Ne2 Nxe2+ 20. Qxe2 Nc6 21. c3 Qh4 22. f3 Nd8 23. Bc4 Ne6 24. Bxe6 Bxe6 25. a6 b6 26. Qd2 h6 27. f4 exf4 28. Rxf4 Qe7 29. Bd4 Re8 30. Raf1 Bg8 31. Rf7 Bxf7 32. Qxh6+ 1-0


[Site "https://www.chess.com"]

[Event "Titled Tuesday Blitz May 17 Late 2022"]
[White "Vasquez Schroeder, Rodrigo"]
[Black "Jobava, Baadur"]
[WhiteFideId "3400042"]
[BlackFideId "13601520"]
[WhiteElo "2567"]
[BlackElo "2617"]
[Result "0-1"]
[Round "06"]
[TimeControl "180+1"]
[Date "2022.05.17"]
[WhiteClock "0:00:45"]
[BlackClock "0:01:19"]

1. e4 c6 2. c4 d5 3. cxd5 cxd5 4. exd5 Nf6 5. Qa4+ Nbd7 6. Nc3 g6 7. Bc4 Bg7 8. d3 a6 9. Qa3 O-O 10. Nf3 b6 11. O-O Bb7 12. Be3 b5 13. Bb3 Nb6 14. Bxb6 Qxb6 15. Qxe7 Rfe8 16. Qb4 Rad8 17. Rfe1 h6 18. h3 Bf8 19. Qf4 Kg7 20. a3 Bd6 21. Qh4 Bb8 22. Rxe8 Rxe8 23. Re1 g5 24. Rxe8 gxh4 25. Rxb8 b4 26. axb4 Qxb4 27. Bc4 Qxb2 28. Nxh4 Qc1+ 29. Kh2 Qf4+ 30. g3 Qxb8 0-1


[Site "https://www.chess.com"]

[Event "Titled Tuesday Blitz May 17 Late 2022"]
[White "Yuan, Qingyu"]
[Black "Grischuk, Alexander"]
[WhiteFideId "8609772"]
[BlackFideId "4126025"]
[WhiteElo "2359"]
[BlackElo "2762"]
[Result "0-1"]
[Round "06"]
[TimeControl "180+1"]
[Date "2022.05.17"]
[WhiteClock "0:00:02"]
[BlackClock "0:00:08"]

1. e4 e6 2. d4 d5 3. e5 c5 4. c3 Nc6 5. Nf3 Qb6 6. Bd3 cxd4 7. O-O Bd7 8. Re1 Nge7 9. h4 Rc8 10. Nbd2 Nf5 11. Nb3 dxc3 12. bxc3 Be7 13. h5 Na5 14. Rb1 Nc4 15. Nbd4 Qa6 16. Nxf5 exf5 17. Nd4 g6 18. Bh6 Be6 19. a4 Kd7 20. Rb5 Kc7 21. Bxc4 dxc4 22. Qf3 Kb8 23. Reb1 Rc7 24. Bf4 Ka8 25. a5 Rb8 26. h6 Rc5 27. Qe3 Rxb5 28. Nxb5 Rc8 29. Nd6 Bxd6 30. exd6 Qxa5 31. Qd4 Qd5 32. Qf6 Qe4 33. Rd1 Qxf4 34. d7 Bxd7 35. Rxd7 Qc1+ 36. Kh2 Qxh6+ 37. Kg1 Qc1+ 38. Kh2 Qf4+ 39. Kg1 a6 40. Qxf7 Rb8 41. Qxh7 Qc1+ 42. Kh2 Qxc3 43. Qxg6 Qe5+ 44. g3 f4 45. Rh7 fxg3+ 46. fxg3 c3 47. Kh3 Qd5 48. Qc2 Qh1+ 49. Kg4 Rg8+ 50. Kf4 Qf1+ 51. Ke5 Qc4 52. Qg2 Qb5+ 53. Kf6 Qb6+ 54. Kf7 Rc8 55. Kg7 c2 56. Qe4 c1=Q 57. Rh6 Qcc7+ 0-1


[Site "https://www.chess.com"]

[Event "Titled Tuesday Blitz May 17 Late 2022"]
[White "Zakhartsov, Vladimir"]
[Black "Riehle, Marco"]
[WhiteFideId "4145097"]
[BlackFideId "12904392"]
[WhiteElo "2428"]
[BlackElo "2462"]
[Result "1/2-1/2"]
[Round "06"]
[TimeControl "180+1"]
[Date "2022.05.17"]
[WhiteClock "0:00:32"]
[BlackClock "0:00:37"]

1. d4 d5 2. c4 e6 3. Nf3 Nf6 4. g3 dxc4 5. Bg2 Nc6 6. Qa4 Bb4+ 7. Bd2 Nd5 8. Bxb4 Nxb4 9. a3 Nd5 10. Qxc4 O-O 11. O-O Nb6 12. Qd3 Bd7 13. Nc3 Rc8 14. b4 Ne7 15. b5 c6 16. a4 cxb5 17. axb5 Nbd5 18. Nxd5 Nxd5 19. Rxa7 Qb6 20. Ng5 g6 21. Ra3 Bxb5 22. Qd2 Rc4 23. Rb1 Rxd4 24. Qe1 Qc5 25. Ra5 Nc3 26. Ne4 Nxe4 27. Raxb5 Qc2 28. R5b2 Qc4 29. Rb4 Qc5 30. Rxd4 Qxd4 31. Rb4 Qc3 32. Qb1 Nd2 33. Qb2 Qxb2 34. Rxb2 Nc4 35. Rxb7 Nd6 1/2-1/2


[Site "https://www.chess.com"]

[Event "Titled Tuesday Blitz May 17 Late 2022"]
[White "Zatonskih, Anna"]
[Black "Jones, Gawain C B"]
[WhiteFideId "14101572"]
[BlackFideId "409561"]
[WhiteElo "2329"]
[BlackElo "2657"]
[Result "0-1"]
[Round "06"]
[TimeControl "180+1"]
[Date "2022.05.17"]
[WhiteClock "0:00:06"]
[BlackClock "0:00:27"]

1. e4 c6 2. d4 d5 3. exd5 cxd5 4. Bd3 Nc6 5. c3 g6 6. Nf3 Bf5 7. O-O Nf6 8. Re1 Bxd3 9. Qxd3 Bg7 10. Bf4 O-O 11. Nbd2 Re8 12. h3 Qb6 13. a4 Qa6 14. Qb5 e6 15. Nb3 Ne4 16. Nfd2 Nxd2 17. Bxd2 Qb6 18. Nc5 Bf8 19. Nd7 Qd8 20. Ne5 Nxe5 21. Rxe5 Bd6 22. Re2 Qc7 23. Rae1 Rec8 24. Qd3 a6 25. Bg5 Qc4 26. Qxc4 Rxc4 27. Ra1 b6 28. Kf1 Kg7 29. Bh4 h6 30. Bg3 Bxg3 31. fxg3 a5 32. Ke1 Kf6 33. Kd2 Ke7 34. Kd3 Rac8 35. Rc2 Kd6 36. Rf1 R4c7 37. Rcf2 f5 38. Re2 g5 39. Rfe1 Re7 40. Re5 h5 41. Rf1 Rg7 42. Rfe1 Rg6 43. Rb1 Rc4 44. b3 Rc6 45. b4 Rg8 46. bxa5 bxa5 47. Rb3 Rgc8 48. Re2 Rc4 49. Ra2 e5 50. dxe5+ Kxe5 51. Raa3 d4 52. Rb5+ Kf6 53. cxd4 Rc1 54. Rxa5 Rd1+ 55. Ke2 Rxd4 56. Rd3 Rc2+ 57. Ke3 Re4+ 58. Kf3 g4+ 0-1


[Site "https://www.chess.com"]

[Event "Titled Tuesday Blitz May 17 Late 2022"]
[White "Amburgy, Ryan"]
[Black "Perez Rodriguez, Jennifer"]
[WhiteFideId "30924820"]
[BlackFideId "3507831"]
[WhiteElo "2066"]
[BlackElo "2170"]
[Result "1-0"]
[Round "07"]
[TimeControl "180+1"]
[Date "2022.05.17"]
[WhiteClock "0:01:02"]
[BlackClock "0:00:37"]

1. Nf3 Nf6 2. c4 c5 3. Nc3 b6 4. e4 d6 5. d3 Bb7 6. g3 e6 7. Bg2 Be7 8. O-O O-O 9. Ne1 d5 10. exd5 exd5 11. Bg5 Nbd7 12. cxd5 Bd6 13. Ne4 Be5 14. Nf3 h6 15. Nxe5 hxg5 16. Nc6 Bxc6 17. dxc6 Ne5 18. Nxg5 Rc8 19. Qa4 Qxd3 20. Rfe1 Rfe8 21. Qxa7 Qd2 22. Rxe5 Rxe5 23. Qxf7+ Kh8 24. Ne6 Re1+ 25. Rxe1 Qxe1+ 26. Bf1 Rg8 27. c7 1-0


[Site "https://www.chess.com"]